 Dungeon Crawl Stone Soup version 0.19.5 (webtiles) character file.

65 tidbits the Skirmisher (level 3, 30/30 HPs)
             Began as a High Elf Wanderer on Nov 17, 2017.
             Quit the game on level 3 of the Dungeon.
             The game lasted 00:06:45 (927 turns).

tidbits the Skirmisher (High Elf Wanderer)           Turns: 927, Time: 00:06:45

Health: 30/30      AC:  5    Str: 11    XL:     3   Next: 92%
Magic:  4/4        EV: 12    Int: 15    God:
Gold:   23         SH:  0    Dex: 22    Spells: 0 memorised, 2 levels left

rFire  . . .     SeeInvis .     a - +2 short sword
rCold  . . .     Gourm    .     B - +0 leather armour
rNeg   . . .     Faith    .     (no shield)
rPois  .         Spirit   +     (no helmet)
rElec  .         Reflect  .     (no cloak)
rCorr  .         Harm     .     G - +1 pair of gloves
MR     .....                    (no boots)
Stlth  ++........               s - amulet of guardian spirit
                                (no ring)
                                X - +6 ring of dexterity

@: no status effects
A: no striking features
a: no special abilities


You were on level 3 of the Dungeon.
You were not hungry.

You visited 1 branch of the dungeon, and saw 3 of its levels.

You collected 23 gold pieces.

Inventory:

Hand Weapons
 a - a +2 short sword (weapon)
 b - a +1 falchion
 n - a cursed -3 war axe
   (You found it on level 3 of the Dungeon)
 x - a +0 blowgun
   (You found it on level 3 of the Dungeon)
Missiles
 m - 20 arrows
 q - 26 bolts
Armour
 d - a +0 robe
 B - a +0 leather armour (worn)
   (You found it on level 1 of the Dungeon)
 G - a +1 pair of gloves (worn)
   (You found it on level 1 of the Dungeon)
Jewellery
 s - an amulet of guardian spirit (around neck)
   (You found it on level 3 of the Dungeon)
 X - a +6 ring of dexterity (left hand)
   (You found it on level 1 of the Dungeon)
Scrolls
 g - a scroll of fear
 r - a scroll of fog
 A - a scroll of remove curse
Potions
 c - a potion of lignification
 e - a potion of heal wounds {unknown}
 k - a potion of cure mutation {unknown}
 l - a potion of degeneration {unknown}
 o - a potion of beneficial mutation {unknown}
 p - a potion of invisibility {unknown}
 z - a potion of haste {unknown}
Comestibles
 f - 2 bread rations
 h - 2 beef jerkies
 v - a meat ration


   Skills:
 - Level 6.0 Fighting
 - Level 1.2(2.9) Short Blades
 + Level 4.2(4.3) Long Blades
 - Level 1.4 Dodging
 - Level 1.1 Stealth
   Level 1.0 Shields


You had 2 spell levels left.
You didn't know any spells.

Dungeon Overview and Level Annotations

Branches:
Dungeon (3/15)

Altars:


Message History

The adder skeleton barely misses you.
You hit the adder skeleton.
You destroy the adder skeleton!
You hear the rusting of a distant drain.
Found a stone staircase leading down.
Found a scroll labeled TOOGUSTYOTUIBB.
r - 2 scrolls labeled ICEALI ACSAOF (gained 1)
There is a stone staircase leading down here.
Found a leather armour.
y - a scroll labeled TOOGUSTYOTUIBB A leopard gecko comes into view.
The leopard gecko hisses angrily.
You hit the leopard gecko.
The leopard gecko is heavily wounded.
The leopard gecko closely misses you. The leopard gecko barely misses you.
You hit the leopard gecko but do no damage.
The leopard gecko is heavily wounded.
The leopard gecko barely misses you.
You hit the leopard gecko.
The leopard gecko is severely wounded.
The leopard gecko closely misses you.
You barely miss the leopard gecko.
The leopard gecko is severely wounded.
The leopard gecko bites you.
You closely miss the leopard gecko.
The leopard gecko is severely wounded.
The leopard gecko barely misses you.
You hit the leopard gecko.
You kill the leopard gecko!
You see here a leopard gecko corpse.
You hear the rusting of a very distant drain.
Found a scroll labeled YCLUAN TONUE.
A - a scroll labeled YCLUAN TONUE
Found a bread ration and a scroll labeled YCLUAN TONUE.
f - 2 bread rations (gained 1)
A - 2 scrolls labeled YCLUAN TONUE (gained 1)
An orc comes into view. It is wielding a mace.
The orc shouts!
You hit the orc.
The orc is heavily wounded.
The orc hits you but does no damage.
You hit the orc.
You kill the orc!
Things that are here:
a mace; a leather armour; an orc corpse You hear the brisk rusting of a very distant drain.
Found a robe.
As you read the scroll labeled ICEALI ACSAOF, it crumbles to dust.
The scroll dissolves into smoke.
It was a scroll of fog.
As you read the scroll labeled YCLUAN TONUE, it crumbles to dust.
You feel blessed for a moment.
It was a scroll of remove curse.
As you read the scroll labeled TOOGUSTYOTUIBB, it crumbles to dust.
It is a scroll of enchant weapon.
Your +0 falchion glows red for a moment.
As you read the scroll labeled ZEMOOKO VUUSH, it crumbles to dust.
It is a scroll of recharging.
You aren't carrying any rechargeable items.
As you read the scroll labeled KAOPSAM HUC, it crumbles to dust.
It is a scroll of amnesia.
You feel forgetful for a moment.
As you read the scroll labeled ATENIU WAFUS, it crumbles to dust.
You hear a loud clanging noise!
It was a scroll of noise.
As you read the scroll labeled ZEPNEY POTI, it crumbles to dust.
It is a scroll of enchant armour.
Your +0 pair of gloves glows green for a moment.
As you read the scroll labeled ACUPOSIYNE, it crumbles to dust.
It is a scroll of identify.
g - a scroll of fear You see here a robe.
An adder comes into view.
Found a beef jerky.
You hear the brisk rusting of a distant drain.
The helpless adder fails to defend itself.
You impale the adder!!
You kill the adder!
Your Long Blades skill increases to level 4!
You see here an adder corpse.
h - 2 beef jerkies (gained 1)
A kobold comes into view. It is wielding a dagger.
The helpless kobold fails to defend itself.
You puncture the kobold!
You kill the kobold!
Things that are here:
a dagger; 4 stones; a kobold corpse A rat is nearby!
(D) Dungeon
Where to? (Enter - D:3 @ (x,y), ? - help)
A rat is nearby!
You see here a leather armour.
(D) Dungeon
Where to? (Enter - D:3 @ (x,y), ? - help)
There is a stone staircase leading down here.
Things that are here:
a club; a hobgoblin skeleton You hear the brisk rusting of a very distant drain.
Things that are here:
a club; a hobgoblin skeleton The rat is too close now for your liking.
Are you sure you want to abandon this character and quit the game? (Confirm with "yes".)

#..##.#.###.###.#########.#
#..##.#.# #.# #.# #.# #..##.#.#
#.# #.# #####.# #..##.#.###.#
#># #.....# ##..##.#.....# #.#
#.....# #.........#..###.#
#.....# #####...#.###........###
#.....# ......>...# #.....r....#
#.....#
.#####....###...@#####.#####.###
.# ####.....#)## #.........# .#
###.###.# #######.#.# .# #.# #.#
#.#.# .# #.# #.# #.#.# .# #.#
#.# #.#.# .##########.###.##
#...#
............##.#..##########..##
.#.......#..#.###....)........#


You could see a rat (wandering).

Vanquished Creatures
  Terence (D:3)
  An adder (D:3)
  An adder skeleton (D:3)
  A dart slug (D:1)
  A leopard gecko (D:3)
  An orc (D:3)
  3 bats
  A goblin (D:3)
  4 hobgoblins
  4 jackals
  3 kobolds
  2 frilled lizards (D:1)
  3 rats (D:1)
26 creatures vanquished.

Notes
Turn   | Place    | Note
-------+----------+-------------------------------------------
     0 | D:1      | tidbits the High Elf Wanderer began the quest for the Orb.
     0 | D:1      | tidbits set off with: a +2 short sword, a +0 falchion, a potion of lignification, a +0 robe, a bread ration
     0 | D:1      | Reached XP level 1. HP: 19/19 MP: 2/2
    58 | D:1      | Reached skill level 1 in Dodging
   186 | D:1      | Reached XP level 2. HP: 25/25 MP: 3/3
   293 | D:1      | Reached skill level 2 in Long Blades
   605 | D:3      | Noticed Terence
   615 | D:3      | Killed Terence
   615 | D:3      | Reached skill level 3 in Long Blades
   615 | D:3      | Reached XP level 3. HP: 30/30 MP: 2/4
   862 | D:3      | Reached skill level 4 in Long Blades
   927 | D:3      | Quit the game

Skill      XL: |  1  2  3 |
---------------+----------+-----
Dodging        | 1 |  1.4
Long Blades    | 3 4 |  4.2
Fighting       | |  6.0
Short Blades   | |  1.2
Stealth        | |  1.1
Shields        | |  1.0

Action                   || total
-------------------------++-------
Melee: Short sword       ||    76
       Unarmed           ||     4
  Use: Potion            ||     1
       Scroll            ||     8
 Stab: Sleeping          ||     9
Armor: Leather armour    ||    17
       Skin              ||     2
Dodge: Dodged            ||    40

Table legend:
 A = Turns spent in this place as a percentage of turns spent in the entire game.
 B = Non-inter-level travel turns spent in this place as a percentage of non-inter-level travel turns spent in the entire game.
 C = Inter-level travel turns spent in this place as a percentage of turns spent in this place.
 D = Turns resting spent in this place as a percentage of non-inter-level travel turns spent in this place.
 E = Turns spent auto-exploring this place as a percentage of non-inter-level travel turns spent in this place.
 F = Non-inter-level travel turns spent in this place divided by the number of levels of this place that you've seen.
                   A       B       C       D       E      F
               +-------+-------+-------+-------+-------+----------------------
         Total | 100.0 | 100.0 |   0.3 |   0.0 |   0.0 | 255.7
       Dungeon | 100.0 | 100.0 |   0.3 |   0.0 |   0.0 | 255.7
               +-------+-------+-------+-------+-------+----------------------

Table legend:
 A = Kills in this place as a percentage of kills in entire the game.
 B = Kills by you in this place as a percentage of kills by you in the entire game.
 C = Kills by friends in this place as a percentage of kills by friends in the entire game.
 D = Other kills in this place as a percentage of other kills in the entire game.
 E = Experience gained in this place as a percentage of experience gained in the entire game.
 F = Experience gained in this place divided by the number of levels of this place that you have seen.
                   A       B       C       D       E      F
               +-------+-------+-------+-------+-------+----------------------
         Total | 100.0 | 100.0 |  -nan |  -nan | 100.0 |  31.0
       Dungeon | 100.0 | 100.0 |  -nan |  -nan | 100.0 |  31.0
               +-------+-------+-------+-------+-------+----------------------

Vault maps used:
D:1:      enne_arrival_octagon_isle
D:2:      uniq_crazy_yiuf_cottage
D:3:      portal_sewer_entry_f, uniq_terence
